 Dungeon Crawl Stone Soup version 0.28-a0-535-g6f645e4c1d (webtiles) character file.

Game seed: 6882882613048766961

21 nicanaca0 the Cudgeller (level 2, 17/19 HPs)
             Began as a Gargoyle Berserker on Sept 24, 2021.
             Was a Follower of Trog.
             Quit the game on level 1 of the Dungeon on Sept 26, 2021.
             The game lasted 00:01:22 (718 turns).

nicanaca0 the Cudgeller (Gargoyle Berserker)         Turns: 718, Time: 00:01:23

Health: 17/19      AC:  6    Str: 20    XL:     2   Next: 87%
Magic:  2/2        EV: 11    Int:  7    God:    Trog [*.....]
Gold:   8          SH:  0    Dex:  9    Spells: 1/1 levels left

rFire   . . .      SeeInvis .   a - +0 mace
rCold   . . .      Faith    .   (no shield)
rNeg    + . .      Spirit   .   j - +0 leather armour
rPois   ∞          Reflect  .   (no helmet)
rElec   +          Harm     .   (no cloak)
rCorr   .          Rampage  .   (no gloves)
Will    .....                   (no boots)
Stlth   +.........              (no amulet)
HPRegen 0.06/turn               (no ring)
MPRegen 0.08/turn               (no ring)

@: no status effects
A: sickness immunity, AC +2, negative energy resistance 1, electricity
resistance, torment resistance 1, petrification resistance
a: Renounce Religion, Berserk


You were on level 1 of the Dungeon.
You worshipped Trog.
Trog was aware of your devotion.
You visited 1 branch of the dungeon, and saw 1 of its levels.

You collected 8 gold pieces.

Inventory:

Hand Weapons
 a - a +0 mace (weapon)
Missiles
 c - 3 poisoned darts (quivered)
 g - 17 stones
 k - 5 sling bullets
Armour
 b - a +0 animal skin
 j - a +0 leather armour (worn)
Scrolls
 d - a scroll of vulnerability {unknown}
 e - a scroll of noise {unknown}
 i - a scroll of identify {unknown}
Potions
 f - a potion of might {unknown}
 h - a potion of degeneration {unknown}


   Skills:
 - Level 3.2 Fighting
 * Level 4.0 Maces & Flails
 - Level 2.1 Armour
 - Level 1.5 Dodging


You had one spell level left.
You didn't know any spells.
Your spell library was empty.

Dungeon Overview and Level Annotations

Branches:
Dungeon (1/15)

Altars:


Innate Abilities, Weirdness & Mutations

You are immune to sickness and miasma.
Your stone body is resilient. (AC +2)
You are immune to poison.
You resist negative energy. (rN+)
You are resistant to electric shocks. (rElec)
You are resistant to unholy torment.
You are immune to petrification.


Message History

The ball python looks even sicker.
The ball python is moderately wounded.
There are monsters nearby!
You throw a poisoned dart. The poisoned dart hits the ball python.
The ball python is moderately wounded.
There are monsters nearby!
There are monsters nearby!
You throw a poisoned dart.
The poisoned dart closely misses the ball python.
You hit the ball python.
You kill the ball python!
Trog accepts your kill.
Your Maces & Flails skill increases to level 4!
There are monsters nearby!
There are monsters nearby!
You closely miss the goblin. The goblin hits you but does no damage.
There are monsters nearby!
You closely miss the goblin. The goblin closely misses you.
There are monsters nearby!
You hit the goblin but do no damage. The goblin closely misses you.
There are monsters nearby!
You hit the goblin.
The goblin is severely wounded.
The rat bites you but does no damage. The goblin barely misses you.
The goblin hits you with a +0 dagger. The rat bites you.
There are monsters nearby!
You hit the goblin.
You kill the goblin!
Trog accepts your kill. The rat closely misses you.
A rat is nearby!
You hit the rat but do no damage. The rat misses you.
A rat is nearby!
You hit the rat but do no damage. The rat barely misses you.
Are you sure you want to abandon this character and quit the game? (Confirm with "yes".)
Okay, then.
Welcome back, nicanaca0 the Gargoyle Berserker.
Trog says: Kill them all!
Press ? for a list of commands and other information.
Are you sure you want to abandon this character and quit the game? (Confirm with "yes".)

#....#..........#.###.#
#....#####...#....#
#.###
#........#####.####
#.#.. #....###.....#.#
#.... #.....)..###.#.#
####. #.....##.# #.#.#
#...
#####....###.#.####
#.## ####....>.....#
#... #@.........# ####
#r)........#
#..[.......#
#.(........#
#.(........# ##
#..........# #.
#..........# #.
#(....... ##. #..


You could see a rat.

Vanquished Creatures
  4 ball pythons (D:1)
  An endoplasm (D:1)
  2 giant cockroaches (D:1)
  3 goblins (D:1)
  2 hobgoblins (D:1)
  A kobold (D:1)
  A quokka (D:1)
  3 bats (D:1)
17 creatures vanquished.

Notes
Turn   | Place    | Note
-------+----------+-------------------------------------------
     0 | D:1      | nicanaca0 the Gargoyle Berserker began the quest for the
                  | Orb.
     0 | D:1      | Reached XP level 1. HP: 14/14 MP: 1/1
   201 | D:1      | Reached XP level 2. HP: 19/19 MP: 2/2
   448 | D:1      | Upgraded the game from 0.28-a0-529-g3bad584f25 to
                  | 0.28-a0-533-g9f97627e2a
   711 | D:1      | Reached skill level 4 in Maces & Flails
   718 | D:1      | Upgraded the game from 0.28-a0-533-g9f97627e2a to
                  | 0.28-a0-535-g6f645e4c1d
   718 | D:1      | Quit the game

Illustrated notes

Levels and vault maps discovered:
D:1:      lightli_arrival_boilingwater, layout_basic, amethyst_killhole

Skill      XL: |  1  2 |
---------------+-------+-----
Maces & Flails | 4 |  4.0
Fighting       | |  3.2
Armour         | |  2.1
Dodging        | |  1.5

Action                   || total
-------------------------++-------
Melee: Mace              ||    38
Throw: Dart              ||    39
Armor: Animal skin       ||     6
       Leather armour    ||    10
Dodge: Dodged            ||    26

Table legend: (Time is in decaauts)
 A = Elapsed time spent in this place.
 B = Non-inter-level travel time spent in this place.
 C = Inter-level travel time spent in this place.
 D = Time resting spent in this place.
 E = Time spent auto-exploring this place.
 F = Levels seen in this place.
 G = Mean time per level.
                   A        B        C        D        E       F      G
               +--------+--------+--------+--------+--------+-----+--------+
         Total |    729 |    729 |      0 |      0 |    596 |   1 |  729.0 |
       Dungeon |    729 |    729 |      0 |      0 |    596 |   1 |  729.0 |
               +--------+--------+--------+--------+--------+-----+--------+

Top non-repeatable levels by time:
     D:1: 729 daAuts
